 Dungeon Crawl Stone Soup version 0.27-a0-1140-g099f9bb0e8 (webtiles) character file.

Game seed: 5846420808672467806

5 HoaS the Bolt Thrower (level 1, 0/12 HPs)
             Began as a Gargoyle Hunter on May 9, 2021.
             Slain by a ball python (2 damage)
             ... on level 1 of the Dungeon.
             The game lasted 00:00:34 (156 turns).

HoaS the Bolt Thrower (Gargoyle Hunter)              Turns: 156, Time: 00:00:34

Health: 0/12       AC:  5    Str: 15    XL:     1   Next: 80%
Magic:  1/1        EV:  8    Int: 11    God:
Gold:   14         SH:  0    Dex: 10    Spells: 0/0 levels left

rFire    . . .     SeeInvis .   b - +0 short sword
rCold    . . .     Faith    .   (no shield)
rNeg     + . .     Spirit   .   c - +0 leather armour
rPois    ∞         Reflect  .   (no helmet)
rElec    +         Harm     .   (no cloak)
rCorr    .         Rampage  .   (no gloves)
Will     .....                  (no boots)
Stlth    +.........             (no amulet)
HPRegen  0.04/turn              (no ring)
MPRegen  0.07/turn              (no ring)

@: constricted
A: sickness immunity, AC +2, negative energy resistance 1, electricity
resistance, torment resistance 1, unbreathing 1, petrification resistance
a: no special abilities


You were on level 1 of the Dungeon.
You visited 1 branch of the dungeon, and saw 1 of its levels.

You collected 14 gold pieces.

Inventory:

Hand Weapons
 a - a +1 hand crossbow
 b - a +0 short sword (weapon)
Missiles
 d - 20 bolts
Armour
 c - a +0 leather armour (worn)


   Skills:
 - Level 2.1 Fighting
 + Level 4.3 Crossbows
 - Level 1.5 Dodging
 - Level 1.1 Stealth


You couldn't memorise any spells.
You didn't know any spells.
Your spell library was empty.

Dungeon Overview and Level Annotations

Branches:
Dungeon (1/15)

Altars:


Innate Abilities, Weirdness & Mutations

You are immune to sickness and miasma.
Your stone body is resilient. (AC +2)
You are immune to poison.
You resist negative energy. (rN+)
You are resistant to electric shocks. (rElec)
You are resistant to unholy torment.
You can survive without breathing.
You are immune to petrification.


Message History

The jackal barks!
You hear an angry hiss.
A ball python comes into view.
The jackal misses you.
You barely miss the jackal. The jackal barely misses you.
The jackal bites you but does no damage.
You hit the jackal but do no damage. The jackal closely misses you.
The jackal misses you.
You hit the jackal.
The jackal is heavily wounded.
The ball python barely misses you. x2
The jackal bites you but does no damage.
The ball python misses you. The ball python grabs you.
The ball python constricts you.
Your leather armour prevents you from hitting the ball python.
The jackal barely misses you. The ball python bites you.
The ball python constricts you.
The jackal bites you but does no damage.
You closely miss the ball python. The ball python closely misses you.
The ball python constricts you.
The jackal bites you but does no damage.
You closely miss the ball python. The jackal bites you.
The ball python bites you but does no damage.
The ball python constricts you. The jackal bites you.
The ball python completely misses you. The ball python constricts you.
You are too injured to fight recklessly!
You completely miss the jackal.
The jackal is moderately wounded.
The jackal bites you. The ball python bites you.
* * * LOW HITPOINT WARNING * * *
The ball python constricts you.
You closely miss the jackal.
The jackal is moderately wounded.
The jackal bites you.
* * * LOW HITPOINT WARNING * * *
The ball python misses you. The ball python constricts you.
The jackal closely misses you.
You hit the jackal.
The jackal is almost dead.
The ball python bites you.
You die...

#. ###.###########
#.............
#...........
.........#
#.......# #..hS...#
#...@...# +.......#
#.#.......+
..........#####.##
#>........'.......
...#.......########
...+.......# ..
#.......#
#......(####


You could see a jackal and a ball python.

Vanquished Creatures
  A bat (D:1)
  3 jackals (D:1)
4 creatures vanquished.

Notes
Turn   | Place    | Note
-------+----------+-------------------------------------------
     0 | D:1      | HoaS the Gargoyle Hunter began the quest for the Orb.
     0 | D:1      | Reached XP level 1. HP: 12/12 MP: 1/1
   156 | D:1      | Slain by a ball python

Illustrated notes

Levels and vault maps discovered:
D:1:      ebering_hopf_link, layout_basic, amcnicky_mini_corridor_feature

Action                   || total
-------------------------++-------
Melee: Short sword       ||    24
Armor: Leather armour    ||    15
Dodge: Dodged            ||    22

Table legend: (Time is in decaauts)
 A = Elapsed time spent in this place.
 B = Non-inter-level travel time spent in this place.
 C = Inter-level travel time spent in this place.
 D = Time resting spent in this place.
 E = Time spent auto-exploring this place.
 F = Levels seen in this place.
 G = Mean time per level.
                   A        B        C        D        E       F      G
               +--------+--------+--------+--------+--------+-----+--------+
         Total |    159 |    159 |      0 |     80 |     32 |   1 |  159.0 |
       Dungeon |    159 |    159 |      0 |     80 |     32 |   1 |  159.0 |
               +--------+--------+--------+--------+--------+-----+--------+

Top non-repeatable levels by time:
     D:1: 159 daAuts
